 Dungeon Crawl Stone Soup version 0.19-a0-1007-g133f65f (webtiles) character file.

18318 mopl the Severer (level 12, -6/103 (104) HPs)
             Began as a Hill Orc Fighter on July 19, 2016.
             Was an Elder of Uskayaw.
             Mangled by an orc knight
             ... wielding a +0 war axe
              (18 damage)
             ... on level 2 of the Orcish Mines.
             The game lasted 00:30:03 (13466 turns).

mopl the Severer (Hill Orc Fighter)                Turns: 13466, Time: 00:30:04

HP:   -6/103 (104)  AC: 19    Str: 16    XL:     12   Next: 57%
MP:   14/18         EV: 14    Int:  8    God:    Uskayaw [****..]
Gold: 780           SH:  0    Dex: 14    Spells: 0 memorised, 11 levels left

rFire  + . .     SeeInvis .     a - +1 battleaxe (freeze)
rCold  . . .     Gourm    .     i - quicksilver dragon armour
rNeg   . . .     Faith    +     (shield currently unavailable)
rPois  +         Spirit   .     V - +2 hat of Nofeovur {+Inv rPois rCorr Str-4}
rElec  .         Dismiss  .     d - +2 cloak {+Inv}
rCorr  +         Reflect  .     (no gloves)
SustAt .         Harm     .     q - +0 pair of boots
MR     +....                    p - amulet of faith {!P}
Stlth  +.........               w - ring of resist corrosion
                                Q - ring of protection from fire {=R}

@: somewhat resistant to hostile enchantments, very unstealthy
A: no striking features
a: Stomp, Line Pass, Renounce Religion, Evoke Invisibility


You were on level 2 of the Orcish Mines.
You worshipped Uskayaw.
Uskayaw was aware of your devotion.
You were hungry.

You visited 4 branches of the dungeon, and saw 15 of its levels.

You collected 1035 gold pieces.
You spent 255 gold pieces at shops.

Inventory:

Hand Weapons
 a - a +1 battleaxe of freezing (weapon)
 b - a +0 blowgun
 k - the +5 war axe of Oozing Pus {elec, rF+ rN+ Str+7 Stlth-}
   (You bought it in a shop on level 4 of the Dungeon)

   Occasionally, upon striking a foe, it will discharge some electrical energy
   and cause terrible harm.
   It affects your strength (+7).
   It protects you from fire.
   It protects you from negative energy.
   It makes you less stealthy.
Missiles
 r - an exploding tomahawk
 z - 5 javelins
 G - 45 tomahawks (quivered)
 P - 48 poisoned needles
 Y - 2 throwing nets
 Z - 3 tomahawks of returning
Armour
 d - a +2 cloak of invisibility (worn)
 i - a quicksilver dragon armour (worn)
 q - a +0 pair of boots (worn)
 V - the +2 hat of Nofeovur (worn) {+Inv rPois rCorr Str-4}
   (You found it on level 10 of the Dungeon)

   It affects your strength (-4).
   It protects you from poison.
   It lets you turn invisible.
   It protects you from acid and corrosion.
Jewellery
 p - an amulet of faith (around neck) {!P}
 w - a ring of resist corrosion (right hand)
 O - the ring of Diyj {*Corrode +Blink rPois Str-2 SInv}
   (You found it on level 8 of the Dungeon)

   [ring of see invisible]

   It affects your strength (-2).
   It protects you from poison.
   It lets you see invisible.
   It lets you blink.
   It may corrode you when you take damage.
 Q - a ring of protection from fire (left hand) {=R}
 R - an uncursed ring of ice
Wands
 F - a wand of acid (5/15)
 H - a wand of slowing (24/48)
 I - a wand of lightning (3/15)
 L - a wand of enslavement (5/24)
 S - a wand of iceblast (6/15)
 W - a wand of hasting (5/9)
Scrolls
 e - a scroll of fog {unknown}
 h - 3 scrolls of noise
 o - a scroll of enchant weapon {unknown}
 t - 2 scrolls of remove curse
 u - 2 scrolls of enchant armour
 v - 4 scrolls of magic mapping
 y - 4 scrolls of blinking {unknown}
 B - 4 scrolls of amnesia {unknown}
 E - a scroll of random uselessness {unknown}
 K - a scroll of torment {unknown}
 M - 3 scrolls of silence {unknown}
Potions
 c - a potion of mutation {unknown}
 j - a potion of flight
 l - 4 potions of lignification {!q}
 m - 2 potions of agility
 n - 8 potions of curing
 x - a potion of might
 C - a potion of brilliance
 D - 2 potions of berserk rage {!q}
 T - a potion of cancellation {unknown}
 U - 2 potions of invisibility
 X - a potion of haste
Miscellaneous
 J - a phantom mirror
Comestibles
 f - 10 bread rations
 g - a fruit
 s - 8 chunks of flesh
 A - a meat ration
 N - 2 beef jerkies


   Skills:
 + Level 9.1 Fighting
 * Level 17.9 Axes
 + Level 8.4 Armour
 + Level 5.9 Dodging
   Level 3.2 Shields
 + Level 9.2 Invocations


You had 11 spell levels left.
You didn't know any spells.

Dungeon Overview and Level Annotations

Branches:
Dungeon (11/15)            Temple (1/1) D:6            Lair (1/6) D:10
    Orc (2/2) D:11
    Elf: Orc:2

Altars:
Ashenzari
Cheibriados
Dithmenos
Elyvilon
Fedhas
Gozag
Hepliaklqana
Kikubaaqudgha
Makhleb
Nemelex Xobeh
Okawaru
Pakellas
Ru
Sif Muna
Uskayaw
Vehumet
Xom
Yredelemnul
Zin
The Shining One

Shops:
D:4 (   D:6 [   Orc:2 ?

Annotations:
Orc:1 fly


Message History

* * * LOW HITPOINT WARNING * * *
You hit the orc knight. You freeze the orc knight.
The orc knight is almost dead.
You can now merge with and destroy a victim.
You closely miss the orc knight.
The orc knight is almost dead.
The orc knight barely misses you.
Aiming: Line Pass
Press: ? - help, Dir - move target cursor The orc knight appears confused.
You feel quite a bit more hungry.
You can no longer merge with and destroy a victim.
The orc knight hits you with an uncursed war axe!!
* * * LOW HITPOINT WARNING * * *
You hit the orc knight but do no damage.
The orc knight is severely wounded.
You slash the orc knight! You freeze the orc knight.
The orc knight is almost dead.
The orc knight seems less confused.
The orc knight hits you with an uncursed war axe!!
You die...

............#
..#.........#
..##.......#
.###.......##+#
##.........##.#
#...........#.+
#...........#.#
......###)###.#####
......#.))).#.#o@.#
......#.....#.')..#
/[....#..⌠..'(#..∩#
.<....#.....#.#####
......#.....#...
.....########+###
.....## ##....#
#####.#


You could see an orc knight.

Vanquished Creatures
  Harold (Orc:1)
  Fannar (Orc:1)
  A centaur warrior (D:9)
  Urug (Orc:1)
  3 hill giants
  Pikel (D:4)
  An orc knight (Orc:1)
  A cyclops (Orc:1)
  A manticore (D:11)
  A kobold demonologist (D:9)
  3 trolls
  2 two-headed ogres (Orc:2)
  A boulder beetle (D:8)
  Prince Ribbit (D:9)
  Sigmund (D:2)
  A spriggan (D:7)
  5 yaks
  2 wyverns
  2 hippogriffs
  A hungry ghost (D:8)
  4 wargs
  2 ice beasts
  2 black bears
  2 sky beasts
  A phantom (D:4)
  23 orc warriors
  A slave (D:4)
  2 necrophages
  17 ogres
  2 centaurs
  4 crocodiles
  4 big kobolds
  3 giant frogs
  A gnoll sergeant (D:5)
  12 killer bees
  2 howler monkeys
  13 wights
  4 crimson imps
  A centaur zombie (D:9)
  A quasit (D:9)
  5 hounds
  6 two-headed ogre zombies (Orc:1)
  3 jellies
  9 orc priests
  13 orc wizards
  Crazy Yiuf (D:2)
  Jessica (D:2)
  Ijyb (D:1)
  2 iguanas
  8 worker ants
  2 sheep (Orc:1)
  A worker ant zombie (D:4)
  23 adders
  12 gnolls
  5 shadow imps
  An ooze (D:2)
  An adder zombie (D:8)
  3 worms (D:2)
  2 dart slugs
  3 giant geckos
  87 orcs
  16 bats
  3 giant cockroaches (D:3)
  5 goblins
  3 hobgoblins
  19 jackals
  24 kobolds
  2 quokkas
  3 ball pythons
  A giant gecko skeleton (D:9)
  8 giant newts
  A quokka skeleton (D:8)
  10 rats
416 creatures vanquished.

Vanquished Creatures (others)
  A worker ant (D:4)
  A quokka (D:4)
  7 fungi (D:10)
  A plant (Lair:1)
10 creatures vanquished.

Grand Total: 426 creatures vanquished

Notes
Turn   | Place    | Note
-------+----------+-------------------------------------------
     0 | D:1      | mopl the Hill Orc Fighter began the quest for the Orb.
     0 | D:1      | Reached XP level 1. HP: 19/19 MP: 1/1
    97 | D:1      | Reached skill level 3 in Axes
   297 | D:1      | Reached XP level 2. HP: 26/26 MP: 2/2
   652 | D:2      | Noticed Sigmund
   652 | D:2      | Noticed Ijyb
   676 | D:1      | Killed Ijyb
   676 | D:1      | Reached skill level 4 in Axes
   676 | D:1      | Reached XP level 3. HP: 24/31 MP: 3/3
   759 | D:2      | Killed Sigmund
   759 | D:2      | Reached skill level 7 in Axes
   759 | D:2      | Reached XP level 4. HP: 27/39 MP: 4/4
   759 | D:2      | Reached XP level 5. HP: 31/45 MP: 5/5
   919 | D:2      | Found a runed door.
   923 | D:2      | Noticed Crazy Yiuf
  1423 | D:2      | Reached skill level 8 in Axes
  1423 | D:2      | Reached XP level 6. HP: 30/51 MP: 6/6
  1446 | D:2      | Killed Crazy Yiuf
  1734 | D:2      | Noticed Jessica
  1736 | D:2      | Killed Jessica
  2294 | D:3      | Reached skill level 9 in Axes
  2617 | D:3      | Found an ancient bone altar of Kikubaaqudgha.
  2749 | D:3      | Found a radiant altar of Vehumet.
  2817 | D:3      | Found a shadowy altar of Dithmenos.
  2948 | D:3      | Found an opulent altar of Gozag.
  3023 | D:4      | Found a glowing silver altar of Zin.
  3024 | D:4      | Found a sacrificial altar of Ru.
  3040 | D:4      | Found a basalt altar of Yredelemnul.
  3168 | D:4      | Found Morhem's Antique Weapon Shoppe.
  3212 | D:4      | Noticed a phantom
  3255 | D:4      | Killed a phantom
  3255 | D:4      | Reached XP level 7. HP: 47/57 MP: 7/7
  3547 | D:4      | Found a shimmering altar of Xom.
  3730 | D:4      | Noticed Pikel
  3745 | D:4      | Killed Pikel
  3745 | D:4      | Reached skill level 11 in Axes
  3745 | D:4      | Reached XP level 8. HP: 56/64 MP: 8/8
  4051 | D:5      | Entered Level 5 of the Dungeon
  4059 | D:5      | Reached skill level 12 in Axes
  4293 | D:5      | Reached skill level 13 in Axes
  4795 | D:5      | Reached skill level 14 in Axes
  4795 | D:5      | Reached XP level 9. HP: 22/70 MP: 9/9
  5060 | D:6      | Found a staircase to the Ecumenical Temple.
  5063 | D:6      | Found Biedoy's Antique Armour Emporium.
  5085 | Temple   | Entered the Ecumenical Temple
  5198 | Temple   | Became a worshipper of Uskayaw the Reveler
  5304 | D:6      | Reached * piety under Uskayaw
  5386 | D:6      | Reached skill level 1 in Dodging
  5386 | D:6      | Reached skill level 1 in Invocations
  5386 | D:6      | Reached ** piety under Uskayaw
  5394 | D:6      | Reached *** piety under Uskayaw
  5497 | D:6      | Reached skill level 4 in Fighting
  5616 | D:6      | Reached skill level 4 in Armour
  5616 | D:6      | Reached skill level 2 in Invocations
  5729 | D:7      | Reached **** piety under Uskayaw
  5754 | D:7      | Reached skill level 3 in Invocations
  5847 | D:7      | Found a deep blue altar of Sif Muna.
  5881 | D:7      | Reached skill level 5 in Fighting
  5917 | D:7      | Reached skill level 2 in Dodging
  6150 | D:7      | Reached skill level 4 in Invocations
  6545 | D:8      | Reached skill level 15 in Axes
  6545 | D:8      | Reached XP level 10. HP: 81/81 MP: 13/13
  6557 | D:8      | Reached ***** piety under Uskayaw
  6574 | D:8      | Got a heavily runed copper ring
  6576 | D:8      | Identified the ring of Diyj {*Corrode +Blink rPois Str-2 SInv} (You found it on level 8 of the Dungeon)
  6589 | D:8      | Found a white marble altar of Elyvilon.
  6870 | D:8      | Found a sparkling altar of Nemelex Xobeh.
  6907 | D:8      | Reached skill level 5 in Armour
  6907 | D:8      | Reached skill level 5 in Invocations
  7090 | D:8      | Reached skill level 6 in Fighting
  7091 | D:8      | Found a shattered altar of Ashenzari.
  7565 | D:8      | Reached skill level 3 in Dodging
  8226 | D:9      | Noticed a kobold demonologist
  8227 | D:9      | Noticed a centaur warrior
  8234 | D:9      | Killed a kobold demonologist
  8241 | D:9      | Killed a centaur warrior
  8241 | D:9      | Reached skill level 6 in Invocations
  8348 | D:9      | Noticed Prince Ribbit
  8357 | D:9      | Killed Prince Ribbit
  8618 | D:9      | Reached skill level 16 in Axes
  8757 | D:9      | Reached skill level 6 in Armour
  8757 | D:9      | Reached XP level 11. HP: 91/91 MP: 15/15
  8791 | D:10     | Entered Level 10 of the Dungeon
  8999 | D:10     | Reached skill level 4 in Dodging
  9065 | D:10     | Reached skill level 7 in Fighting
  9249 | D:10     | Got a steaming hat
  9255 | D:10     | Identified the +2 hat of Nofeovur {+Inv rPois rCorr Str-4} (You found it on level 10 of the Dungeon)
  9575 | D:10     | Noticed a hill giant
  9598 | D:10     | Killed a hill giant
  9598 | D:10     | Reached skill level 7 in Invocations
  9628 | D:10     | Found a shimmering altar of Xom.
  9716 | D:10     | Noticed a hill giant
  9726 | D:10     | Killed a hill giant
  9967 | D:10     | Found a staircase to the Lair.
  9991 | Lair:1   | Entered Level 1 of the Lair of Beasts
 10198 | Lair:1   | Noticed a six-headed hydra
 10495 | D:4      | Bought a warped war axe for 255 gold pieces
 10495 | D:4      | Identified the +5 war axe of Oozing Pus {elec, rF+ rN+ Str+7 Stlth-} (You bought it in a shop on level 4 of the Dungeon)
 10742 | D:11     | Noticed a manticore
 10747 | D:11     | Killed a manticore
 10747 | D:11     | Reached skill level 7 in Armour
 10931 | D:11     | Found a staircase to the Orcish Mines.
 11223 | D:11     | Noticed a hill giant
 11232 | D:11     | Killed a hill giant
 11233 | D:11     | Reached skill level 8 in Invocations
 11355 | Orc:1    | Entered Level 1 of the Orcish Mines
 11362 | Orc:1    | Noticed an orc knight
 11371 | Orc:1    | Reached skill level 8 in Fighting
 11371 | Orc:1    | Reached skill level 17 in Axes
 11375 | Orc:1    | Reached skill level 5 in Dodging
 11375 | Orc:1    | Reached ****** piety under Uskayaw
 11377 | Orc:1    | Killed an orc knight
 11379 | Orc:1    | Noticed Harold
 11740 | Orc:1    | Noticed Urug
 11761 | Orc:1    | Killed Urug
 11761 | Orc:1    | Reached XP level 12. HP: 37/102 MP: 18/18
 12209 | Orc:1    | Killed Harold
 12226 | Orc:1    | Noticed Fannar
 12240 | Orc:1    | Killed Fannar
 12532 | Orc:1    | Reached skill level 8 in Armour
 12993 | Orc:2    | Entered Level 2 of the Orcish Mines
 13003 | Orc:2    | Reached skill level 9 in Invocations
 13019 | Orc:2    | Reached skill level 9 in Fighting
 13448 | Orc:2    | Found Obiomiuj's Magic Scroll Boutique.
 13466 | Orc:2    | Mangled by an orc knight

Vault maps used:
D:1:      dpeg_arrival_snail
D:2:      uniq_sigmund, uniq_iyjb, uniq_jessica, uniq_crazy_yiuf_cottage
D:3:      marbit_many_paths, overflow_temple_1_default,
          lemuel_coloured_pillars_altar,
          nicolae_dithmenos_through_a_glass_darkly, roderic_bipointed_swastika,
          grunt_ministairs_10
D:4:      kennysheep_mini_moat, gammafunk_temple_overflow_forgotten,
          first_bread, serial_shops, nicolae_shop_overgrown_old_shop,
          serial_bayou_ford_a, kennysheep_pointless_box, uniq_pikel
D:6:      minmay_cornered_nines, serial_shops, nicolae_shop_crystal
D:7:      lemuel_round_altar, the_bakery
D:8:      boulder_indie, overflow_temple_1_default, kennysheep_mini,
          ashenzari_conservatory_becter
D:9:      minmay_checkerbox, uniq_prince_ribbit1
D:10:     grunt_lair_entry_orc_guard_hut, basic_altar
D:11:     orc_0_dummy
Temple:   dpeg_chambers_temple
Lair:1:   serial_bayou_shore_a
Orc:1:    lemuel_ogre_cave, enter_bailey_2, serial_shops, nooodl_orcs_dogs,
          uniq_urug, uniq_fannar, uniq_harold, uniq_erolcha
Orc:2:    pubby_orc_utopia, uniq_josephine

Skill      XL: |  1  2  3  4  5  6  7  8  9 10 11 12 |
---------------+-------------------------------------+-----
Axes           | 3 4 7 8 9 11 14 15 16 17 | 17.9
Dodging        | 2 3 5 |  5.9
Invocations    | 4 6 8 9 |  9.2
Fighting       | 5 6 8 9 |  9.1
Armour         | 4 6 7 8 |  8.4
Shields        | |  3.2

Action                   |  1- 3 |  4- 6 |  7- 9 | 10-12 || total
-------------------------+-------+-------+-------+-------++-------
Melee: War axe           |    47 |   210 |   277 |    14 ||   548
       Broad axe         |       |       |       |   318 ||   318
       Battleaxe         |       |       |       |   333 ||   333
 Fire: Blowgun           |       |       |       |    16 ||    16
Invok: Line Pass         |       |       |       |     2 ||     2
 Abil: Evoke Invisibilit |       |       |     2 |     1 ||     3
Evoke: Wand              |       |       |       |     3 ||     3
  Use: Scroll            |     1 |     8 |     4 |     7 ||    20
       Potion            |       |     1 |       |     4 ||     5
 Stab: Invisible         |       |       |     8 |     2 ||    10
       Paralysed         |       |       |     8 |    84 ||    92
  Eat: Chunk             |       |     8 |    10 |    28 ||    46
Armor: Scale mail        |     4 |       |       |       ||     4
       Quicksilver drago |    13 |    77 |    92 |   234 ||   416
Dodge: Dodged            |    13 |    54 |    78 |   295 ||   440
Block: Shield            |    18 |    86 |   105 |   155 ||   364
